 Dungeon Crawl Stone Soup version 0.17.0-26-gececa24 (webtiles) character file.

815 Ivanskos the Shield-Bearer (level 8, -4/61 HPs)
             Began as a Formicid Fighter on Nov 18, 2015.
             Was a Follower of Makhleb.
             Slain by a killer bee (6 damage)
             ... on level 4 of the Dungeon on Nov 19, 2015.
             The game lasted 00:22:17 (2909 turns).

Ivanskos the Shield-Bearer (Formicid Fighter)       Turns: 2909, Time: 00:22:17

Health: -4/61      AC:  7    Str: 23    XL:     8   Next: 16%
Magic:  8/8        EV: 10    Int:  8    God:    Makhleb [*.....]
Gold:   246        SH: 10    Dex: 10    Spells: 0 memorised, 7 levels left

rFire  . . .     SeeInvis +     m - +4 hand axe
rCold  . . .     Clarity  .     b - +0 scale mail
rNeg   . . .     SustAt   .     c - +0 shield
rPois  +         Gourm    .     (helmet unavailable)
rElec  .         Spirit   .     (no cloak)
rCorr  .         Warding  .     (no gloves)
rMut   .         Stasis   +     (no boots)
MR     .....                    (no amulet)
Stlth  ..........               (no ring)
                                p - ring of poison resistance

@: very slightly contaminated, invisible, not resistant to hostile enchantments,
extremely unstealthy
A: permanent stasis, dig shafts and tunnels, four strong arms, antennae 3
a: Dig, Shaft Self, Renounce Religion


You were on level 4 of the Dungeon.
You worshipped Makhleb.
Makhleb was aware of your devotion.
You were not hungry.

You visited 1 branch of the dungeon, and saw 4 of its levels.

You collected 246 gold pieces.

Inventory:

Hand Weapons
 a - a +0 long sword
 m - a +4 hand axe (weapon)
Armour
 b - a +0 scale mail (worn)
 c - a +0 shield (worn)
Magical Staves
 s - an uncursed staff of fire {unknown}
Jewellery
 p - a ring of poison resistance (left hand)
Wands
 d - a wand of teleportation (3)
 e - a wand of slowing (23)
Scrolls
 h - 2 scrolls of teleportation
 r - a scroll of fog {unknown}
 t - a scroll of identify
 u - a scroll of recharging {unknown}
Potions
 i - a potion of heal wounds {unknown}
 j - a potion of degeneration {unknown}
 n - a potion of poison {unknown}
 o - a potion of brilliance
Comestibles
 f - a meat ration
 q - 2 bread rations


   Skills:
 + Level 4.8 Fighting
 - Level 2.0 Long Blades
 + Level 4.6 Axes
 + Level 5.2 Armour
 * Level 2.8 Dodging
 + Level 5.7 Shields


You had 7 spell levels left.
You didn't know any spells.

Dungeon Overview and Level Annotations

Branches:
Dungeon (4/15)
 Temple: D:4-7

Altars:
Cheibriados
Gozag
Makhleb
Zin


Innate Abilities, Weirdness & Mutations

You are under a permanent stasis effect.
You can dig through walls and to a lower floor.
Your four strong arms can wield two-handed weapons with a shield.
You have a pair of large antennae on your head (SInv).


Message History

You block the killer bee's attack. The killer bee stings you.
* * * LOW HITPOINT WARNING * * *
You block the killer bee's attack.
The killer bee stings you but does no damage.
The killer bee stings you but does no damage.
The killer bee closely misses you. You block the killer bee's attack.
You block the killer bee's attack. The killer bee completely misses you.
The killer bee stings you but does no damage.
You block the killer bee's attack. The killer bee barely misses you.
You block the killer bee's attack. You block the killer bee's attack.
You see here 6 sling bullets.
You fade into invisibility!
The killer bee stings you.
* * * LOW HITPOINT WARNING * * *
The killer bee stings you.
You die...

....# #....# .##.# #####.{..#
.##.###..{#....# .##...'..{'....#
######### .######...#....#
#.......# .# #...#.#### #.#####.#
.######...###..## ####.#####.#
..........##.##.## ##......>##.#
.#####.####_#.##@## #........##.#
.# #.# ####.##y##.#.......##.# .#
#.# ###..###yy##.......##.#
.#####)####.######.##.......###.#
.##.......#.# #...........# #..
.##...†...#.# ###...........# ###
.##.......#.# #.#...#########
#.......#'###.#...#
#.................#


You could see 3 killer bees.

Vanquished Creatures
  The ghost of OmG the Shield-Bearer, a novice HuFi (D:4)
  Grinder (D:3)
  A phantom (D:4)
  2 killer bees (D:4)
  2 worker ants (D:4)
  A hound skeleton (D:4)
  3 adders
  2 worms
  2 giant geckos
  7 orcs
  2 giant cockroaches (D:3)
  5 hobgoblins
  6 jackals
  7 bats
  A giant newt (D:3)
  5 goblins
  6 kobolds
  3 rats
57 creatures vanquished.

Notes
Turn   | Place    | Note
--------------------------------------------------------------
     0 | D:1      | Ivanskos the Formicid Fighter began the quest for the Orb.
     0 | D:1      | Reached XP level 1. HP: 18/18 MP: 1/1
     0 | D:1      | Upgraded the game from 0.17.0-24-gcfadda4 to 0.17.0-26-gececa24
   207 | D:1      | Reached XP level 2. HP: 24/24 MP: 2/2
   449 | D:1      | Reached skill level 4 in Shields
   769 | D:2      | Reached XP level 3. HP: 22/29 MP: 3/3
  1004 | D:2      | Found a burning altar of Makhleb.
  1004 | D:2      | Noticed a cacodemon
  1010 | D:2      | Noticed a hellwing
  1010 | D:2      | Noticed an orange demon
  1012 | D:2      | Became a worshipper of Makhleb the Destroyer
  1432 | D:2      | Reached skill level 1 in Axes
  1495 | D:3      | Noticed Grinder
  1510 | D:3      | Killed Grinder
  1510 | D:3      | Reached skill level 1 in Dodging
  1510 | D:3      | Reached XP level 4. HP: 23/37 MP: 4/4
  1510 | D:3      | Reached XP level 5. HP: 26/42 MP: 5/5
  1510 | D:3      | Reached XP level 6. HP: 29/48 MP: 6/6
  1691 | D:3      | Found a snail-covered altar of Cheibriados.
  1765 | D:3      | Found a glowing drain.
  2074 | D:3      | Found an opulent altar of Gozag.
  2275 | D:4      | Reached XP level 7. HP: 30/54 MP: 7/7
  2458 | D:4      | Reached skill level 5 in Shields
  2503 | D:4      | Noticed OmG's ghost (novice HuFi)
  2533 | D:4      | Killed OmG's ghost
  2533 | D:4      | Reached skill level 5 in Armour
  2556 | D:4      | Reached XP level 8. HP: 39/61 MP: 8/8
  2564 | D:4      | Reached * piety under Makhleb
  2759 | D:4      | Found a glowing silver altar of Zin.
  2901 | D:4      | HP: 2/61 [killer bee (4)]
  2909 | D:4      | HP: 2/61 [killer bee (1)]
  2909 | D:4      | Slain by a killer bee

Action                   |  1- 3 |  4- 6 |  7- 9 || total
-------------------------+-------+-------+-------++-------
Melee: Long sword        |    38 |       |       ||    38
       Hand axe          |    43 |    75 |    69 ||   187
 Abil: Dig               |     3 |     2 |     2 ||     7
  Use: Potion            |     1 |       |     5 ||     6
       Scroll            |       |    10 |       ||    10
 Stab: Invisible         |       |       |     1 ||     1
  Eat: Bread ration      |     1 |       |       ||     1
       Beef jerky        |       |       |     1 ||     1
       Meat ration       |       |       |     1 ||     1
